| TOP OF THE 1ST |
|
Mobile BayBears batting - Pitching for Columbia Fireflies : RHP Raymundo Pato
|
|
Pitching: RHP Raymundo Pato
|
|
|
Batting: RHB Francisco Gutierrez
|
0-0: Foul Ball, location: 2F 0-1: Swinging Strike 0-2: Ground out 4-3 (Groundball, 4, EV 82.5 MPH)
|
|
Batting: LHB Yao-pang Tien
|
0-0: Called Strike 0-1: Foul Ball, location: 2F 0-2: Strikes out swinging
|
|
Batting: SHB Ken Welch
|
0-0: Called Strike 0-1: Foul Ball, location: 2F 0-2: Strikes out looking
|
| Top of the 1st over - 0 runs, 0 hits, 0 errors, 0 left on base; Mobile 0 - Columbia 0 |
| BOTTOM OF THE 1ST |
|
Columbia Fireflies batting - Pitching for Mobile BayBears : RHP Tim Rymut
|
|
Pitching: RHP Tim Rymut
|
|
|
Batting: LHB Jamel Alexander
|
0-0: Swinging Strike 0-1: Ball 1-1: Ground out 4-3 (Groundball, 34, EV 108.1 MPH)
|
|
Batting: RHB Larry Shoop
|
0-0: Foul Ball, location: 2F 0-1: Ball 1-1: Foul Ball, location: 2F 1-2: Ball 2-2: Ball 3-2: Foul Ball, location: 2F 3-2: Fly out, F8 (Line Drive, 8LM, EV 88.1 MPH)
|
|
Batting: LHB Bayesa Mundhir
|
0-0: Ball 1-0: Ball 2-0: Ball 3-0: Called Strike 3-1: Base on Balls
|
|
Batting: LHB Miguel Ramos
|
0-0: Called Strike 0-1: Swinging Strike 0-2: Ball 1-2: SINGLE (Groundball, 4D, EV 110.0 MPH) Bayesa Mundhir to second
|
|
Batting: RHB Nate Henderson
|
0-0: Called Strike 0-1: Swinging Strike 0-2: Strikes out swinging
|
| Bottom of the 1st over - 0 runs, 1 hit, 0 errors, 2 left on base; Mobile 0 - Columbia 0 |
| TOP OF THE 2ND |
|
Mobile BayBears batting - Pitching for Columbia Fireflies : RHP Raymundo Pato
|
|
Batting: SHB Rich Muniz
|
0-0: Ball 1-0: Called Strike 1-1: DOUBLE (Line Drive, 7LM, EV 106.2 MPH)
|
|
Pinch Runner at 2nd Blake Beale:
|
|
|
Batting: RHB Josh Burrows
|
0-0: Called Strike 0-1: Called Strike 0-2: SINGLE (Groundball, 6, EV 98.8 MPH) Blake Beale to third Runner from 3rd tries for Home, throw by CF and OUT! 8-2 Josh Burrows to second
|
|
Batting: SHB Reagan Dudley
|
0-0: Fly out, F8 (Line Drive, 8LD, EV 110.0 MPH)
|
|
Batting: LHB Koson Hirai
|
0-0: Foul Ball, location: 2F 0-1: Fly out, F6 (Popup, 6M, EV 64.4 MPH)
|
| Top of the 2nd over - 0 runs, 2 hits, 0 errors, 1 left on base; Mobile 0 - Columbia 0 |
| BOTTOM OF THE 2ND |
|
Columbia Fireflies batting - Pitching for Mobile BayBears : RHP Tim Rymut
|
|
Now in RF: Blake Beale
|
|
|
Batting: LHB Dan Bremseth
|
0-0: Ball 1-0: Ball 2-0: DOUBLE (Line Drive, 78D, EV 103.1 MPH)
|
|
Batting: SHB Jerry Burrows
|
0-0: Foul Ball, location: 2F 0-1: Swinging Strike 0-2: Foul Ball, location: 2F 0-2: Strikes out looking
|
|
Batting: LHB Zane Kelton
|
0-0: Foul Ball, location: 2F 0-1: Ball 1-1: Ball 2-1: Ground out 3-1 (Groundball, 34S, EV 86.2 MPH) Dan Bremseth to third
|
|
Batting: RHB David Reyna
|
0-0: Swinging Strike 0-1: 2-RUN HOME RUN (Line Drive, 7LD, EV 96.9 MPH), Distance : 346 ft
|
|
Batting: LHB Jamel Alexander
|
0-0: Ball 1-0: Ball 2-0: Ball 3-0: Called Strike 3-1: Called Strike 3-2: Foul Ball, location: 2F 3-2: Ground out 4-3 (Groundball, 4M, EV 106.2 MPH)
|
| Bottom of the 2nd over - 2 runs, 2 hits, 0 errors, 0 left on base; Mobile 0 - Columbia 2 |
| TOP OF THE 3RD |
|
Mobile BayBears batting - Pitching for Columbia Fireflies : RHP Raymundo Pato
|
|
Batting: RHB Carlos Ballesteros
|
0-0: Ball 1-0: Ball 2-0: Ball 3-0: Called Strike 3-1: Bunt for hit to 15 - play at first, batter safe!
|
|
Batting: RHB Sean Tanner
|
0-0: Called Strike 0-1: Swinging Strike 0-2: Ball 1-2: Grounds into double play, 4-6-3 (Groundball, 4, EV 85.0 MPH)
|
|
Batting: RHB Francisco Gutierrez
|
0-0: Ball 1-0: Ball 2-0: Ground out U3 (Groundball, 3S, EV 73.1 MPH)
|
| Top of the 3rd over - 0 runs, 1 hit, 0 errors, 0 left on base; Mobile 0 - Columbia 2 |
| BOTTOM OF THE 3RD |
|
Columbia Fireflies batting - Pitching for Mobile BayBears : RHP Tim Rymut
|
|
Batting: RHB Larry Shoop
|
0-0: Called Strike 0-1: TRIPLE (Groundball, 3L, EV 103.8 MPH)
|
|
Batting: LHB Bayesa Mundhir
|
0-0: Ball 1-0: Called Strike 1-1: Ball 2-1: Called Strike 2-2: Ball 3-2: Base on Balls
|
|
Batting: LHB Miguel Ramos
|
0-0: Ball 1-0: Foul Ball, location: 2F 1-1: Foul Ball, location: 2F 1-2: Ball 2-2: Strikes out swinging
|
|
Batting: RHB Nate Henderson
|
0-0: Ball 1-0: Swinging Strike 1-1: Foul Ball, location: 2F 1-2: Ball 2-2: Strikes out looking
|
|
Batting: LHB Dan Bremseth
|
0-0: Called Strike 0-1: Called Strike 0-2: Ball 1-2: Foul Ball, location: 2F 1-2: Ball 2-2: Ground out U3 (Groundball, 3, EV 88.8 MPH)
|
| Bottom of the 3rd over - 0 runs, 1 hit, 0 errors, 2 left on base; Mobile 0 - Columbia 2 |
| TOP OF THE 4TH |
|
Mobile BayBears batting - Pitching for Columbia Fireflies : RHP Raymundo Pato
|
|
Batting: LHB Yao-pang Tien
|
0-0: Foul Ball, location: 2F 0-1: Ball 1-1: Ground out 4-3 (Groundball, 4, EV 100.0 MPH)
|
|
Batting: SHB Ken Welch
|
0-0: Ground out U3 (Groundball, 3L, EV 88.1 MPH)
|
|
Batting: RHB Blake Beale
|
0-0: Called Strike 0-1: Ball 1-1: Swinging Strike 1-2: Ball 2-2: Strikes out swinging
|
| Top of the 4th over - 0 runs, 0 hits, 0 errors, 0 left on base; Mobile 0 - Columbia 2 |
| BOTTOM OF THE 4TH |
|
Columbia Fireflies batting - Pitching for Mobile BayBears : RHP Tim Rymut
|
|
Batting: SHB Jerry Burrows
|
0-0: Called Strike 0-1: Foul Ball, location: 2F 0-2: Ground out 4-3 (Groundball, 4S, EV 85.0 MPH)
|
|
Batting: LHB Zane Kelton
|
0-0: Called Strike 0-1: Called Strike 0-2: Fly out, F9 (Flyball, 89S, EV 93.1 MPH)
|
|
Batting: RHB David Reyna
|
0-0: Ground out 6-3 (Groundball, 6, EV 82.5 MPH)
|
| Bottom of the 4th over - 0 runs, 0 hits, 0 errors, 0 left on base; Mobile 0 - Columbia 2 |
| TOP OF THE 5TH |
|
Mobile BayBears batting - Pitching for Columbia Fireflies : RHP Raymundo Pato
|
|
Batting: RHB Josh Burrows
|
0-0: Called Strike 0-1: Foul Ball, location: 2F 0-2: Ball 1-2: Foul Ball, location: 2F 1-2: Foul Ball, location: 2F 1-2: Ball 2-2: Ball 3-2: Strikes out swinging
|
|
Batting: SHB Reagan Dudley
|
0-0: Called Strike 0-1: Ball 1-1: Ball 2-1: Called Strike 2-2: Strikes out looking
|
|
Batting: LHB Koson Hirai
|
0-0: Fly out, F5 (Popup, 56, EV 81.9 MPH)
|
| Top of the 5th over - 0 runs, 0 hits, 0 errors, 0 left on base; Mobile 0 - Columbia 2 |
| BOTTOM OF THE 5TH |
|
Columbia Fireflies batting - Pitching for Mobile BayBears : RHP Tim Rymut
|
|
Batting: LHB Jamel Alexander
|
0-0: Ball 1-0: Ground out U3 (Groundball, 3S, EV 86.9 MPH)
|
|
Batting: RHB Larry Shoop
|
0-0: Ball 1-0: Called Strike 1-1: Ball 2-1: Foul Ball, location: 2F 2-2: Strikes out swinging
|
|
Batting: LHB Bayesa Mundhir
|
0-0: Called Strike 0-1: Fly out, F8 (Flyball, 8RXD, EV 96.9 MPH)
|
| Bottom of the 5th over - 0 runs, 0 hits, 0 errors, 0 left on base; Mobile 0 - Columbia 2 |
| TOP OF THE 6TH |
|
Mobile BayBears batting - Pitching for Columbia Fireflies : RHP Raymundo Pato
|
|
Batting: RHB Carlos Ballesteros
|
0-0: Called Strike 0-1: Ground out U3 (Groundball, 34, EV 81.9 MPH)
|
|
Batting: RHB Sean Tanner
|
0-0: Ball 1-0: SINGLE (Line Drive, 3D, EV 94.4 MPH)
|
|
Batting: RHB Francisco Gutierrez
|
0-0: Ball 1-0: Foul Ball, location: 2F 1-1: Reached on error, E4 (Groundball, 4MS, EV 81.2 MPH) Sean Tanner to second
|
|
Batting: LHB Yao-pang Tien
|
0-0: Ball 1-0: Ball 2-0: Ball 3-0: Called Strike 3-1: Foul Ball, location: 2F 3-2: Fielders Choice at 2nd, 4-6 (Groundball, 4D, EV 106.2 MPH) Sean Tanner to third
|
|
Batting: SHB Ken Welch
|
0-0: Ball 1-0: Ball 2-0: DOUBLE (Flyball, 8LXD, EV 105.0 MPH) Sean Tanner scores Yao-pang Tien to third
|
|
Batting: RHB Blake Beale
|
0-0: Called Strike 0-1: Ground out 5-3 (Groundball, 56S, EV 63.8 MPH)
|
| Top of the 6th over - 1 run, 2 hits, 1 error, 2 left on base; Mobile 1 - Columbia 2 |
| BOTTOM OF THE 6TH |
|
Columbia Fireflies batting - Pitching for Mobile BayBears : RHP Tim Rymut
|
|
Batting: LHB Miguel Ramos
|
0-0: Swinging Strike 0-1: Ball 1-1: Ball 2-1: Foul Ball, location: 2F 2-2: Ball 3-2: DOUBLE (Line Drive, 9LS, EV 92.5 MPH)
|
|
Pitching: LHP Heath Henderson
|
|
|
Batting: RHB Nate Henderson
|
0-0: Ball 1-0: Ball 2-0: Foul Ball, location: 2F 2-1: Ground out 4-3 (Groundball, 34, EV 91.9 MPH) Miguel Ramos to third
|
|
Batting: LHB Dan Bremseth
|
0-0: Ball 1-0: Called Strike 1-1: Called Strike 1-2: Ball 2-2: Strikes out swinging
|
|
Batting: SHB Jerry Burrows
|
0-0: Ball 1-0: Ball 2-0: Called Strike 2-1: Fly out, F7 (Flyball, 78S, EV 95.0 MPH)
|
| Bottom of the 6th over - 0 runs, 1 hit, 0 errors, 1 left on base; Mobile 1 - Columbia 2 |
| TOP OF THE 7TH |
|
Mobile BayBears batting - Pitching for Columbia Fireflies : RHP Raymundo Pato
|
|
Batting: RHB Josh Burrows
|
0-0: Ball 1-0: SOLO HOME RUN (Flyball, 7D, EV 95.0 MPH), Distance : 363 ft
|
|
Batting: SHB Reagan Dudley
|
0-0: Ground out 4-3 (Groundball, 4, EV 92.5 MPH)
|
|
Batting: LHB Koson Hirai
|
0-0: Ground out 5-3 (Groundball, 5S, EV 84.4 MPH)
|
|
Batting: RHB Carlos Ballesteros
|
0-0: Ball 1-0: Ball 2-0: Ground out 6-3 (Groundball, 6, EV 93.8 MPH)
|
| Top of the 7th over - 1 run, 1 hit, 0 errors, 0 left on base; Mobile 2 - Columbia 2 |
| BOTTOM OF THE 7TH |
|
Columbia Fireflies batting - Pitching for Mobile BayBears : LHP Heath Henderson
|
|
Batting: LHB Zane Kelton
|
0-0: Ball 1-0: Foul Ball, location: 2F 1-1: SINGLE (Line Drive, 6D, EV 97.5 MPH)
|
|
Batting: RHB David Reyna
|
0-0: Ball 1-0: 2-RUN HOME RUN (Flyball, 7LD, EV 95.0 MPH), Distance : 330 ft
|
|
Batting: LHB Jamel Alexander
|
0-0: Ball 1-0: Foul Ball, location: 2F 1-1: Called Strike 1-2: Ground out 6-3 (Groundball, P, EV 85.6 MPH)
|
|
Batting: RHB Larry Shoop
|
0-0: Swinging Strike 0-1: Foul Ball, location: 2F 0-2: Ball 1-2: Ball 2-2: Ball 3-2: Strikes out swinging
|
|
Batting: LHB Bayesa Mundhir
|
0-0: Ground out U3 (Groundball, 34, EV 96.9 MPH)
|
| Bottom of the 7th over - 2 runs, 2 hits, 0 errors, 0 left on base; Mobile 2 - Columbia 4 |
| TOP OF THE 8TH |
|
Mobile BayBears batting - Pitching for Columbia Fireflies : RHP Raymundo Pato
|
|
Batting: RHB Sean Tanner
|
0-0: Ball 1-0: Ball 2-0: Swinging Strike 2-1: Swinging Strike 2-2: Strikes out swinging
|
|
Batting: RHB Francisco Gutierrez
|
0-0: Ground out U3 (Groundball, 3, EV 90.0 MPH)
|
|
Batting: LHB Yao-pang Tien
|
0-0: Ball 1-0: Called Strike 1-1: Fly out, F7 (Flyball, 7S, EV 96.2 MPH)
|
| Top of the 8th over - 0 runs, 0 hits, 0 errors, 0 left on base; Mobile 2 - Columbia 4 |
| BOTTOM OF THE 8TH |
|
Columbia Fireflies batting - Pitching for Mobile BayBears : LHP Heath Henderson
|
|
Pitching: RHP Dan Thompson
|
|
|
Batting: LHB Miguel Ramos
|
0-0: Ball 1-0: Ball 2-0: Called Strike 2-1: Swinging Strike 2-2: Ball 3-2: Foul Ball, location: 2F 3-2: Ground out 4-3 (Groundball, 4, EV 83.1 MPH)
|
|
Batting: RHB Nate Henderson
|
0-0: Called Strike 0-1: Foul Ball, location: 2F 0-2: Ball 1-2: Strikes out swinging
|
|
Batting: LHB Dan Bremseth
|
0-0: Ball 1-0: Called Strike 1-1: Swinging Strike 1-2: Strikes out swinging
|
| Bottom of the 8th over - 0 runs, 0 hits, 0 errors, 0 left on base; Mobile 2 - Columbia 4 |
| TOP OF THE 9TH |
|
Mobile BayBears batting - Pitching for Columbia Fireflies : RHP Raymundo Pato
|
|
Pitching: RHP Tyler Lybrand
|
|
|
Now at 1B: Jerry Burrows
|
|
|
Now at 3B: Zane Kelton
|
|
|
Now at SS: Detlef Oursler
|
|
|
Batting: SHB Ken Welch
|
0-0: Ball 1-0: Ball 2-0: Ball 3-0: Called Strike 3-1: Ground out 4-3 (Groundball, 34, EV 84.4 MPH)
|
|
Batting: RHB Blake Beale
|
0-0: Ball 1-0: Called Strike 1-1: Ground out 6-3 (Groundball, 6M, EV 91.2 MPH)
|
|
Batting: RHB Josh Burrows
|
0-0: Ball 1-0: Called Strike 1-1: Foul Ball, location: 2F 1-2: Ground out 4-3 (Groundball, 4, EV 86.2 MPH)
|
| Top of the 9th over - 0 runs, 0 hits, 0 errors, 0 left on base; Mobile 2 - Columbia 4 |
|